[ AOE2 MATCH · #478523817 ]
UnrankedChinese vs Britons
[ REPLAY ANALYSIS · EXTRACTED FROM THE RECORDED GAME ]
Feudal
14:19
Castle
18:14
Imperial
—
| APM avg | 42.4 |
| APM peak | 78 |
| eAPM avg | 22.3 |
| Villagers / military | 63 / 26 |
Focus
⚔️ 27.4% · 🌾 72.6%
Galley ×14 · Fire Galley ×12 · Fishing Ship ×10 · Unknown (2626) ×5
Feudal
12:27
Castle
24:16
Imperial
—
| APM avg | 37.6 |
| APM peak | 79 |
| eAPM avg | 19.2 |
| Villagers / military | 43 / 33 |
Focus
⚔️ 35.1% · 🌾 64.9%
Fishing Ship ×16 · Fire Galley ×13 · Archer ×11 · Galley ×9 · Unknown (2626) ×1
Feudal
14:01
Castle
23:41
Imperial
—
| APM avg | 34.5 |
| APM peak | 59 |
| eAPM avg | 16.7 |
| Villagers / military | 36 / 9 |
Focus
⚔️ 34.2% · 🌾 65.8%
Unknown (2626) ×8 · Fishing Ship ×6 · Galley ×5 · Fire Galley ×4 · Unknown (1952) ×3
Feudal
13:38
Castle
19:28
Imperial
—
| APM avg | 36.6 |
| APM peak | 85 |
| eAPM avg | 23.4 |
| Villagers / military | 54 / 40 |
Focus
⚔️ 35.4% · 🌾 64.6%
Eagle Scout ×34 · Fishing Ship ×11 · Galley ×6
Match map
Initial resources + every placement click. Lines = walls · curves = elevation contours. ◆ gold · ⬟ stone · ● berries · ✦ relic · ◌ wall gap
Your base· Open — 3t gap
BTJ | Dr Colageno's base· Open — 4t gap
Mangonelson Mandela's base· Open — unwalled flank
VLC | ImperialBoy's base· Open — 9t gap
Smoothed initial terrain · ◌ = detected wall gap · hover for details
Inputs per minute
— VLC | Tithen - - BTJ | Dr Colageno
Build order — VLC | Tithen
150 actions detected in the replay
| 0:05 | Build | Town Center |
| 0:49 | Build | Dock |
| 2:20 | Research | Loom |
| 3:23 | Create | Villager (Male) |
| 3:29 | Create | Fishing Ship |
| 3:57 | Create | Villager (Male) |
| 4:22 | Create | Villager (Male) |
| 4:22 | Create | Villager (Male) |
| 4:41 | Create | Fishing Ship |
| 4:47 | Create | Villager (Male) |
| 5:11 | Create | Villager (Male) |
| 5:30 | Create | Villager (Male) |
| 5:46 | Build | House |
| 6:04 | Create | Villager (Male) |
| 6:08 | Create | Villager (Male) |
| 6:08 | Create | Villager (Male) |
| 6:17 | Create | Fishing Ship |
| 6:26 | Create | Villager (Male) |
| 6:41 | Create | Fishing Ship |
| 7:14 | Create | Fishing Ship |
| 7:15 | Create | Villager (Male) |
| 7:22 | Build | House |
| 7:40 | Create | Villager (Male) |
| 7:42 | Build | House |
| 7:43 | Build | House |
| 7:48 | Create | Fishing Ship |
| 8:34 | Build | House |
| 8:36 | Create | Villager (Male) |
| 8:47 | Create | Villager (Male) |
| 8:53 | Build | Mill |
| 8:55 | Create | Fishing Ship |
| 9:28 | Create | Villager (Male) |
| 9:36 | Build | House |
| 9:39 | Create | Villager (Male) |
| 9:48 | Create | Fishing Ship |
| 10:24 | Create | Villager (Male) |
| 10:47 | Create | Villager (Male) |
| 10:55 | Build | House |
| 11:11 | Build | Mining Camp |
| 11:11 | Create | Villager (Male) |
| 11:14 | Build | House |
| 11:25 | Build | House |
| 11:44 | Create | Villager (Male) |
| 11:51 | Research | Feudal Age |
| 11:59 | Build | House |
| 12:03 | Create | Fishing Ship |
| 12:13 | Create | Villager (Male) |
| 12:45 | Create | Villager (Male) |
| 12:48 | Build | House |
| 12:53 | Build | Dock |
| 13:11 | Build | House |
| 13:20 | Build | House |
| 13:27 | Build | House |
| 13:39 | Create | Fishing Ship |
| 13:45 | Build | House |
| 14:00 | Create | Villager (Male) |
| 14:19 | Age | Feudal Age |
| 14:23 | Create | Villager (Male) |
| 14:30 | Build | Blacksmith |
| 14:39 | Build | Market |
| 15:20 | Research | Castle Age |
| 15:37 | Create | Villager (Male) |
| 16:02 | Build | Dock |
| 16:04 | Create | Villager (Male) |
| 16:24 | Create | Fire Galley |
| 16:25 | Create | Fire Galley |
| 16:52 | Create | Villager (Male) |
| 17:07 | Create | Fire Galley |
| 17:09 | Create | Fire Galley |
| 17:15 | Build | House |
| 17:30 | Create | Villager (Male) |
| 17:35 | Build | Lumber Camp |
| 17:57 | Create | Fire Galley |
| 18:14 | Age | Castle Age |
| 18:15 | Create | Galley |
| 18:16 | Create | Galley |
| 18:16 | Create | Galley |
| 18:47 | Create | Villager (Male) |
| 18:54 | Build | Town Center |
| 19:02 | Research | War Galley (upgrade) |
| 19:06 | Create | Galley |
| 19:07 | Create | Galley |
| 19:11 | Create | Villager (Male) |
| 19:24 | Create | Galley |
| 19:25 | Create | Galley |
| 19:27 | Create | Villager (Male) |
| 19:44 | Create | Villager (Male) |
| 19:44 | Create | Villager (Male) |
| 19:44 | Create | Villager (Male) |
| 19:45 | Create | Villager (Male) |
| 20:31 | Create | Unit 2626 |
| 20:31 | Create | Unit 2626 |
| 20:31 | Create | Unit 2626 |
| 20:31 | Create | Unit 2626 |
| 20:32 | Create | Unit 2626 |
| 21:04 | Create | Villager (Male) |
| 21:04 | Create | Villager (Male) |
| 21:04 | Create | Villager (Male) |
| 21:21 | Create | Villager (Male) |
| 21:21 | Create | Villager (Male) |
| 21:22 | Create | Villager (Male) |
| 21:26 | Create | Fire Galley |
| 21:26 | Create | Fire Galley |
| 21:26 | Create | Fire Galley |
| 21:27 | Create | Villager (Male) |
| 21:28 | Create | Villager (Male) |
| 21:35 | Research | Gold Mining |
| 22:18 | Create | Villager (Male) |
| 22:18 | Create | Villager (Male) |
| 22:19 | Create | Villager (Male) |
| 22:19 | Create | Villager (Male) |
| 22:26 | Create | Villager (Male) |
| 22:26 | Create | Villager (Male) |
| 22:29 | Create | Galley |
| 22:29 | Create | Galley |
| 22:29 | Create | Galley |
| 22:56 | Create | Galley |
| 22:56 | Create | Galley |
| 22:56 | Create | Galley |
| 22:56 | Create | Galley |
| 23:10 | Create | Villager (Male) |
| 23:16 | Build | Town Center |
| 23:23 | Create | Villager (Male) |
| 23:54 | Research | Fletching |
| 23:57 | Research | Double-Bit Axe |
| 24:18 | Create | Villager (Male) |
| 24:19 | Create | Villager (Male) |
| 24:19 | Create | Villager (Male) |
| 24:26 | Build | Farm |
| 24:26 | Build | Farm |
| 24:26 | Build | Farm |
| 24:26 | Build | Farm |
| 24:26 | Build | Farm |
| 24:27 | Build | Farm |
| 24:27 | Build | Farm |
| 24:27 | Build | Farm |
| 25:25 | Create | Villager (Male) |
| 25:25 | Create | Villager (Male) |
| 25:25 | Create | Villager (Male) |
| 25:25 | Create | Villager (Male) |
| 25:26 | Create | Villager (Male) |
| 25:31 | Create | Fire Galley |
| 25:31 | Create | Fire Galley |
| 25:31 | Create | Fire Galley |
| 25:31 | Create | Fire Galley |
| 25:34 | Create | Villager (Male) |
| 25:34 | Create | Villager (Male) |
| 25:37 | Build | Farm |
| 25:37 | Build | Farm |
| 25:39 | Create | Villager (Male) |
Build order — BTJ | Dr Colageno
143 actions detected in the replay
| 0:27 | Build | Town Center |
| 1:11 | Build | Dock |
| 1:19 | Build | House |
| 2:47 | Create | Villager (Male) |
| 2:48 | Create | Villager (Male) |
| 2:48 | Create | Villager (Male) |
| 2:48 | Create | Villager (Male) |
| 3:45 | Create | Fishing Ship |
| 4:13 | Build | House |
| 4:30 | Create | Villager (Male) |
| 5:01 | Create | Villager (Male) |
| 5:26 | Create | Villager (Male) |
| 5:26 | Create | Villager (Male) |
| 5:37 | Create | Fishing Ship |
| 5:37 | Create | Fishing Ship |
| 5:46 | Create | Villager (Male) |
| 6:02 | Build | House |
| 6:08 | Create | Villager (Male) |
| 6:08 | Create | Villager (Male) |
| 6:37 | Create | Fishing Ship |
| 6:44 | Create | Villager (Male) |
| 6:44 | Create | Villager (Male) |
| 6:55 | Create | Villager (Male) |
| 7:18 | Create | Villager (Male) |
| 7:25 | Create | Fishing Ship |
| 7:25 | Create | Fishing Ship |
| 7:39 | Build | House |
| 7:46 | Create | Villager (Male) |
| 8:19 | Create | Villager (Male) |
| 8:36 | Create | Fishing Ship |
| 8:50 | Build | Palisade Wall |
| 8:51 | Build | Palisade Wall |
| 8:54 | Build | Palisade Wall |
| 8:56 | Create | Villager (Male) |
| 9:16 | Build | Palisade Wall |
| 9:18 | Build | Palisade Wall |
| 9:26 | Create | Villager (Male) |
| 9:30 | Build | Mining Camp |
| 9:42 | Research | Loom |
| 9:59 | Build | Palisade Wall |
| 10:17 | Research | Feudal Age |
| 10:33 | Build | Dock |
| 10:37 | Build | Dock |
| 10:38 | Build | House |
| 11:16 | Build | Lumber Camp |
| 11:20 | Create | Villager (Male) |
| 11:59 | Build | Barracks |
| 12:27 | Age | Feudal Age |
| 12:31 | Create | Galley |
| 12:31 | Create | Galley |
| 12:31 | Create | Galley |
| 12:32 | Create | Galley |
| 12:39 | Research | Double-Bit Axe |
| 12:47 | Create | Villager (Male) |
| 13:12 | Create | Galley |
| 13:15 | Build | House |
| 13:50 | Build | House |
| 13:51 | Create | Villager (Male) |
| 13:51 | Create | Villager (Male) |
| 13:58 | Build | Blacksmith |
| 14:02 | Create | Galley |
| 14:20 | Create | Fishing Ship |
| 14:20 | Create | Fishing Ship |
| 14:27 | Create | Villager (Male) |
| 14:53 | Create | Villager (Male) |
| 15:01 | Build | House |
| 15:09 | Create | Fishing Ship |
| 15:09 | Create | Fishing Ship |
| 15:09 | Create | Fishing Ship |
| 15:09 | Create | Fishing Ship |
| 15:37 | Build | House |
| 15:53 | Create | Villager (Male) |
| 15:53 | Create | Villager (Male) |
| 16:03 | Build | Mill |
| 16:05 | Create | Villager (Male) |
| 16:05 | Create | Villager (Male) |
| 16:08 | Build | House |
| 16:26 | Create | Villager (Male) |
| 16:35 | Build | Barracks |
| 16:47 | Build | Mill |
| 16:56 | Research | Fletching |
| 16:56 | Research | Fletching |
| 17:19 | Create | Villager (Male) |
| 17:46 | Create | Galley |
| 17:46 | Create | Galley |
| 17:47 | Create | Galley |
| 17:48 | Create | Villager (Male) |
| 18:36 | Create | Villager (Male) |
| 18:44 | Build | Archery Range |
| 18:46 | Create | Villager (Male) |
| 19:09 | Create | Fishing Ship |
| 19:09 | Create | Fishing Ship |
| 19:09 | Create | Fishing Ship |
| 19:31 | Create | Villager (Male) |
| 19:31 | Create | Villager (Male) |
| 19:52 | Build | Market |
| 19:52 | Create | Villager (Male) |
| 19:58 | Build | House |
| 20:17 | Create | Villager (Male) |
| 20:34 | Research | Town Watch |
| 20:47 | Build | Lumber Camp |
| 20:54 | Build | House |
| 20:55 | Build | House |
| 21:17 | Research | Castle Age |
| 21:33 | Build | Dock |
| 21:42 | Build | Archery Range |
| 21:47 | Create | Archer |
| 21:47 | Create | Archer |
| 21:48 | Create | Archer |
| 21:48 | Create | Archer |
| 21:48 | Create | Archer |
| 21:53 | Create | Villager (Male) |
| 22:18 | Research | Padded Archer Armor |
| 22:21 | Research | Gold Mining |
| 22:46 | Build | Mining Camp |
| 23:35 | Create | Villager (Male) |
| 23:37 | Create | Archer |
| 23:37 | Create | Archer |
| 23:41 | Build | Archery Range |
| 24:01 | Research | Tech 906 |
| 24:10 | Create | Fire Galley |
| 24:10 | Create | Fire Galley |
| 24:10 | Create | Fire Galley |
| 24:11 | Create | Fire Galley |
| 24:11 | Create | Fire Galley |
| 24:16 | Age | Castle Age |
| 24:24 | Research | War Galley (upgrade) |
| 24:28 | Research | Bodkin Arrow |
| 24:28 | Research | Bodkin Arrow |
| 24:57 | Create | Unit 2626 |
| 24:58 | Create | Fire Galley |
| 24:58 | Create | Fire Galley |
| 24:58 | Create | Fire Galley ×3 |
| 25:09 | Create | Archer |
| 25:09 | Create | Archer |
| 25:09 | Create | Archer |
| 25:09 | Create | Archer |
| 25:22 | Create | Fire Galley |
| 25:22 | Create | Fire Galley |
| 25:22 | Create | Fire Galley |
| 25:26 | Create | Villager (Male) |
| 25:26 | Create | Villager (Male) |
| 25:26 | Create | Villager (Male) |
Build order — Mangonelson Mandela
122 actions detected in the replay
| 0:45 | Build | House |
| 0:59 | Build | Town Center |
| 1:59 | Build | Dock |
| 2:01 | Build | House |
| 3:00 | Create | Villager (Male) |
| 3:01 | Create | Villager (Male) |
| 3:01 | Create | Villager (Male) |
| 3:01 | Create | Villager (Male) |
| 3:01 | Create | Villager (Male) |
| 3:23 | Build | Palisade Wall |
| 3:24 | Build | Palisade Wall |
| 3:38 | Build | Palisade Wall |
| 3:58 | Build | Palisade Wall |
| 4:17 | Research | Loom |
| 4:20 | Create | Fishing Ship |
| 4:40 | Build | House |
| 5:33 | Create | Villager (Male) |
| 5:33 | Create | Villager (Male) |
| 6:06 | Create | Villager (Male) |
| 6:07 | Create | Villager (Male) |
| 6:07 | Create | Villager (Male) |
| 6:13 | Create | Fishing Ship |
| 6:13 | Create | Fishing Ship |
| 6:44 | Create | Villager (Male) |
| 6:44 | Create | Villager (Male) |
| 7:13 | Build | House |
| 7:20 | Build | Palisade Wall |
| 7:21 | Build | Palisade Wall |
| 7:37 | Create | Villager (Male) |
| 7:37 | Create | Villager (Male) |
| 7:46 | Build | House |
| 8:10 | Create | Fishing Ship |
| 8:27 | Create | Villager (Male) |
| 8:43 | Create | Villager (Male) |
| 8:45 | Create | Fishing Ship |
| 9:00 | Build | House |
| 9:17 | Create | Villager (Male) |
| 9:25 | Create | Villager (Male) |
| 9:27 | Build | House |
| 9:45 | Create | Fishing Ship |
| 10:11 | Create | Villager (Male) |
| 10:20 | Build | House |
| 10:28 | Create | Villager (Male) |
| 11:04 | Create | Villager (Male) |
| 11:11 | Build | Mining Camp |
| 11:51 | Research | Feudal Age |
| 11:51 | Research | Feudal Age |
| 12:05 | Build | House |
| 12:14 | Build | Dock |
| 12:46 | Build | Lumber Camp |
| 12:57 | Build | House |
| 13:29 | Create | Villager (Male) |
| 13:37 | Create | Villager (Male) |
| 14:01 | Age | Feudal Age |
| 14:05 | Create | Galley |
| 14:06 | Create | Galley |
| 14:09 | Research | Double-Bit Axe |
| 14:41 | Create | Villager (Male) |
| 14:46 | Create | Galley |
| 14:46 | Create | Galley |
| 14:53 | Build | House |
| 15:04 | Create | Villager (Male) |
| 15:21 | Build | Blacksmith |
| 15:55 | Create | Fire Galley |
| 16:01 | Create | Villager (Male) |
| 16:01 | Create | Villager (Male) |
| 16:14 | Research | Fletching |
| 16:27 | Create | Fire Galley |
| 16:31 | Create | Galley |
| 16:35 | Create | Villager (Male) |
| 16:35 | Create | Villager (Male) |
| 17:05 | Create | Villager (Male) |
| 17:05 | Create | Villager (Male) |
| 17:37 | Create | Fire Galley |
| 17:37 | Create | Fire Galley |
| 17:42 | Build | House |
| 17:59 | Create | Unit 2626 |
| 17:59 | Create | Unit 2626 |
| 18:47 | Build | Mill |
| 18:48 | Create | Villager (Male) |
| 19:13 | Create | Villager (Male) |
| 19:15 | Build | House |
| 19:17 | Build | House |
| 19:33 | Build | Market |
| 19:42 | Create | Unit 2626 |
| 19:42 | Create | Unit 2626 |
| 19:43 | Create | Villager (Male) |
| 20:33 | Create | Villager (Male) |
| 20:41 | Build | Mill |
| 20:41 | Build | Farm |
| 20:41 | Build | Farm |
| 20:42 | Build | Farm |
| 20:42 | Build | Farm |
| 20:42 | Build | Farm |
| 20:42 | Build | Farm |
| 20:50 | Create | Unit 2626 |
| 20:51 | Create | Unit 2626 |
| 21:01 | Research | Castle Age |
| 21:01 | Research | Castle Age |
| 21:23 | Create | Unit 2626 |
| 21:29 | Build | Dock |
| 21:49 | Build | Lumber Camp |
| 21:55 | Build | Farm |
| 21:57 | Build | Farm |
| 22:03 | Build | Farm |
| 22:06 | Research | Horse Collar |
| 22:06 | Research | Horse Collar |
| 22:20 | Build | House |
| 22:29 | Research | Gold Mining |
| 22:34 | Build | Farm |
| 23:09 | Build | Barracks |
| 23:13 | Build | Farm |
| 23:28 | Create | Villager (Male) |
| 23:41 | Age | Castle Age |
| 23:51 | Build | Archery Range |
| 24:04 | Research | War Galley (upgrade) |
| 24:05 | Create | Unit 2626 |
| 24:46 | Build | Town Center |
| 25:11 | Research | Bodkin Arrow |
| 25:34 | Create | Unit 1952 |
| 25:34 | Create | Unit 1952 |
| 25:45 | Create | Unit 1952 |
Build order — VLC | ImperialBoy
149 actions detected in the replay
| 0:05 | Build | Town Center |
| 0:36 | Build | Dock |
| 0:39 | Build | House |
| 0:47 | Build | Palisade Wall |
| 1:03 | Build | Palisade Wall |
| 1:43 | Build | Palisade Wall |
| 2:20 | Create | Villager (Male) |
| 2:20 | Create | Villager (Male) |
| 2:20 | Create | Villager (Male) |
| 2:21 | Create | Villager (Male) |
| 3:26 | Create | Fishing Ship |
| 3:26 | Create | Fishing Ship |
| 3:56 | Research | Loom |
| 3:56 | Research | Loom |
| 4:05 | Build | House |
| 4:24 | Create | Villager (Male) |
| 4:47 | Create | Fishing Ship |
| 5:13 | Create | Villager (Male) |
| 5:13 | Create | Villager (Male) |
| 5:38 | Create | Villager (Male) |
| 5:38 | Create | Villager (Male) |
| 5:48 | Create | Villager (Male) |
| 5:56 | Build | House |
| 6:24 | Build | Palisade Wall |
| 6:27 | Build | Palisade Wall |
| 6:29 | Build | Palisade Wall |
| 6:34 | Create | Villager (Male) |
| 6:34 | Create | Villager (Male) |
| 6:40 | Build | Palisade Wall |
| 6:48 | Create | Villager (Male) |
| 7:03 | Create | Fishing Ship |
| 7:05 | Create | Villager (Male) |
| 7:27 | Create | Villager (Male) |
| 7:33 | Create | Villager (Male) |
| 7:33 | Create | Villager (Male) |
| 7:33 | Create | Villager (Male) |
| 7:57 | Build | Palisade Gate |
| 7:59 | Build | Palisade Gate |
| 8:12 | Create | Villager (Male) |
| 8:12 | Create | Villager (Male) |
| 8:22 | Create | Villager (Male) |
| 8:24 | Create | Fishing Ship |
| 8:24 | Create | Fishing Ship |
| 8:27 | Build | House |
| 8:33 | Create | Villager (Male) |
| 8:43 | Build | House |
| 9:19 | Create | Villager (Male) |
| 9:19 | Create | Villager (Male) |
| 9:46 | Create | Villager (Male) |
| 9:47 | Create | Fishing Ship |
| 9:48 | Create | Fishing Ship |
| 9:48 | Create | Fishing Ship |
| 10:12 | Build | Barracks |
| 10:28 | Create | Villager (Male) |
| 10:51 | Create | Villager (Male) |
| 10:54 | Build | Dock |
| 11:28 | Research | Feudal Age |
| 11:28 | Research | Feudal Age |
| 12:09 | Build | Mining Camp |
| 12:20 | Create | Villager (Male) |
| 12:20 | Create | Villager (Male) |
| 13:38 | Age | Feudal Age |
| 13:46 | Create | Galley |
| 13:46 | Create | Galley |
| 13:50 | Create | Galley ×2 |
| 13:50 | Create | Galley ×2 |
| 13:51 | Create | Villager (Male) |
| 14:04 | Build | Blacksmith |
| 14:06 | Create | Villager (Male) |
| 14:17 | Create | Fishing Ship |
| 14:23 | Create | Villager (Male) |
| 14:31 | Build | Archery Range |
| 14:42 | Create | Villager (Male) |
| 14:51 | Build | Mill |
| 15:29 | Build | Mill |
| 15:41 | Build | Market |
| 15:48 | Create | Villager (Male) |
| 15:53 | Build | Lumber Camp |
| 16:34 | Build | Barracks |
| 16:48 | Research | Castle Age |
| 16:48 | Research | Castle Age |
| 17:02 | Research | Double-Bit Axe |
| 17:21 | Research | Horse Collar |
| 17:50 | Create | Fishing Ship |
| 17:56 | Build | House |
| 17:56 | Build | House |
| 18:08 | Research | Scale Mail Armor |
| 18:08 | Research | Scale Mail Armor |
| 18:42 | Build | Farm |
| 18:43 | Build | Farm |
| 18:47 | Build | Farm |
| 18:49 | Create | Villager (Male) |
| 19:04 | Build | Farm |
| 19:28 | Age | Castle Age |
| 19:33 | Research | Eagle Warrior (upgrade) |
| 19:33 | Research | Eagle Warrior (upgrade) |
| 19:37 | Create | Eagle Scout ×5 |
| 19:37 | Create | Eagle Scout ×5 |
| 19:44 | Create | Villager (Male) |
| 19:46 | Create | Villager (Male) |
| 19:46 | Create | Villager (Male) |
| 19:52 | Build | Farm |
| 19:53 | Build | Farm |
| 20:26 | Research | Chain Mail Armor |
| 20:27 | Research | Chain Mail Armor |
| 20:28 | Create | Villager (Male) |
| 20:28 | Create | Villager (Male) |
| 20:31 | Build | Farm |
| 20:34 | Create | Villager (Male) |
| 20:34 | Create | Villager (Male) |
| 20:46 | Create | Eagle Scout ×2 |
| 21:05 | Create | Eagle Scout ×3 |
| 21:10 | Research | Squires |
| 21:10 | Research | Squires |
| 21:14 | Build | Farm |
| 21:33 | Research | Bow Saw |
| 21:33 | Research | Bow Saw |
| 21:35 | Create | Villager (Male) |
| 21:46 | Create | Eagle Scout ×3 |
| 22:01 | Build | House |
| 22:03 | Build | House |
| 22:07 | Create | Eagle Scout ×2 |
| 22:29 | Create | Villager (Male) |
| 22:38 | Research | Forging |
| 22:38 | Research | Forging |
| 23:09 | Build | Barracks |
| 23:12 | Create | Eagle Scout ×4 |
| 23:13 | Create | Villager (Male) |
| 23:15 | Create | Villager (Male) |
| 23:31 | Create | Eagle Scout |
| 23:39 | Research | Iron Casting |
| 23:44 | Create | Eagle Scout |
| 23:46 | Create | Villager (Male) |
| 24:02 | Build | House |
| 24:03 | Build | House |
| 24:04 | Build | House |
| 24:05 | Build | House |
| 24:13 | Research | Wheelbarrow |
| 24:13 | Research | Wheelbarrow |
| 24:21 | Create | Eagle Scout ×2 |
| 24:46 | Create | Eagle Scout |
| 24:46 | Create | Eagle Scout |
| 24:55 | Create | Eagle Scout |
| 24:56 | Create | Eagle Scout |
| 24:57 | Create | Villager (Male) ×4 |
| 25:29 | Create | Villager (Male) |
| 25:29 | Create | Villager (Male) |
| 25:30 | Create | Villager (Male) |
| 25:48 | Create | Eagle Scout ×2 |
Match timeline
| 0:36 | VLC | ImperialBoy · first_building Dock |
| 0:47 | VLC | ImperialBoy · wall_segment Palisade Wall x1 |
| 0:49 | VLC | Tithen · first_building Dock |
| 1:03 | VLC | ImperialBoy · wall_segment Palisade Wall x1 |
| 1:11 | BTJ | Dr Colageno · first_building Dock |
| 1:43 | VLC | ImperialBoy · wall_segment Palisade Wall x1 |
| 1:59 | Mangonelson Mandela · first_building Dock |
| 3:23 | Mangonelson Mandela · wall_segment Palisade Wall x1 |
| 3:24 | Mangonelson Mandela · wall_segment Palisade Wall x1 |
| 3:38 | Mangonelson Mandela · wall_segment Palisade Wall x1 |
| 3:58 | Mangonelson Mandela · wall_segment Palisade Wall x1 |
| 6:24 | VLC | ImperialBoy · wall_segment Palisade Wall x1 |
| 6:27 | VLC | ImperialBoy · wall_segment Palisade Wall x1 |
| 6:29 | VLC | ImperialBoy · wall_segment Palisade Wall x1 |
| 6:40 | VLC | ImperialBoy · wall_segment Palisade Wall x1 |
| 7:20 | Mangonelson Mandela · wall_segment Palisade Wall x1 |
| 7:21 | Mangonelson Mandela · wall_segment Palisade Wall x1 |
| 8:50 | BTJ | Dr Colageno · wall_segment Palisade Wall x1 |
| 8:51 | BTJ | Dr Colageno · wall_segment Palisade Wall x1 |
| 8:54 | BTJ | Dr Colageno · wall_segment Palisade Wall x1 |
| 9:16 | BTJ | Dr Colageno · wall_segment Palisade Wall x1 |
| 9:18 | BTJ | Dr Colageno · wall_segment Palisade Wall x1 |
| 9:59 | BTJ | Dr Colageno · wall_segment Palisade Wall x1 |
| 10:12 | VLC | ImperialBoy · first_building Barracks |
| 11:59 | BTJ | Dr Colageno · first_building Barracks |
| 12:27 | BTJ | Dr Colageno · age_up feudal |
| 13:38 | VLC | ImperialBoy · age_up feudal |
| 14:01 | Mangonelson Mandela · age_up feudal |
| 14:19 | VLC | Tithen · age_up feudal |
| 14:31 | VLC | ImperialBoy · first_building Archery Range |
| 16:46 | VLC | ImperialBoy · first_market_buy 100 food |
| 18:06 | VLC | ImperialBoy · first_market_sell 500 stone |
| 18:14 | VLC | Tithen · age_up castle |
| 18:44 | BTJ | Dr Colageno · first_building Archery Range |
| 19:28 | VLC | ImperialBoy · age_up castle |
| 21:17 | BTJ | Dr Colageno · first_market_buy 100 food |
| 23:09 | Mangonelson Mandela · first_building Barracks |
| 23:41 | Mangonelson Mandela · age_up castle |
| 23:50 | VLC | Tithen · first_market_sell 100 wood |
| 23:51 | VLC | Tithen · first_market_buy 100 food |
| 23:51 | Mangonelson Mandela · first_building Archery Range |
| 24:16 | BTJ | Dr Colageno · age_up castle |
| 25:52 | Mangonelson Mandela · resign |
[ AI ANALYSIS · 1 CREDIT ]
What really happened in this match?
Wolo.gg analyzes every decision: build order, eco, micro, common mistakes by bracket. Personalized analysis on WhatsApp or Discord in 30 seconds.
Civ guide
Chinese
Perfil
VLC | Tithen